 Dungeon Crawl Stone Soup version 0.18.1-48-g4cf74bf (webtiles) character file.

1181 Fraydo the Cleaver (level 8, 0/64 HPs)
             Began as a Minotaur Berserker on Aug 25, 2016.
             Was a High Priest of Trog.
             Slain by a sky beast (5 damage)
             ... on level 6 of the Dungeon.
             The game lasted 00:21:11 (4853 turns).

Fraydo the Cleaver (Minotaur Berserker)             Turns: 4853, Time: 00:21:11

Health: 0/64       AC:  8    Str: 23    XL:     8   Next: 19%
Magic:  7/7        EV:  0    Int:  4    God:    Trog [*****.]
Gold:   260        SH: 13    Dex: 11    Spells: 0 memorised, 7 levels left

rFire  + . .     SeeInvis .     y - -1 long sword (curse)
rCold  . . .     Gourm    .     g - +0 scale mail
rNeg   . . .     Faith    .     f - +1 large shield
rPois  .         Spirit   .     r - +2 hat
rElec  .         Dismiss  .     (no cloak)
rCorr  .         Reflect  .     (no gloves)
SustAt .         Harm     .     (no boots)
MR     .....                    (no amulet)
Stlth  ..........               x - ring of protection from cold
                                s - ring of fire

@: exhausted, very slightly contaminated, slowed, very slow, not resistant to
hostile enchantments, extremely unstealthy
A: retaliatory headbutt, horns 2
a: Berserk, Trog's Hand, Brothers in Arms, Burn Spellbooks, Renounce Religion


You were on level 6 of the Dungeon.
You worshipped Trog.
Trog was extremely pleased with you.
You were near starving.

You visited 1 branch of the dungeon, and saw 6 of its levels.

You collected 260 gold pieces.

Inventory:

Hand Weapons
 a - a +0 hand axe
 t - a +0 hunting sling
 y - a cursed -1 long sword (weapon)
Missiles
 h - 287 stones (quivered)
Armour
 f - a +1 large shield (worn)
 g - a +0 scale mail (worn)
 r - a +2 hat (worn)
Jewellery
 s - a ring of fire (left hand)
 x - a ring of protection from cold (right hand)
Wands
 u - a wand of random effects (26/48)
Scrolls
 e - 3 scrolls of teleportation
 j - 4 scrolls of identify
 m - 3 scrolls of fog
Potions
 d - a potion of cancellation
 l - a potion of magic {unknown}
 n - 2 potions of might {unknown}
 w - a potion of lignification {unknown}
Books
 p - a book of Air

   Spells                             Type                      Level
   a - Shock                          Conjuration/Air              1
   b - Swiftness                      Charms/Air                   2
   c - Repel Missiles                 Charms/Air                   2
   d - Static Discharge               Conjuration/Air              3
   e - Lightning Bolt                 Conjuration/Air              5
   Trog disapproves of the use of such an item.
Comestibles
 b - a slice of pizza
 c - 3 bread rations
 i - 3 fruits
 k - a beef jerky
 o - 5 meat rations


   Skills:
 - Level 3.6 Fighting
 + Level 11.9 Axes
 - Level 2.4 Armour
 - Level 2.1 Dodging


You had 7 spell levels left.
You didn't know any spells.

Dungeon Overview and Level Annotations

Branches:
Dungeon (6/15)
 Temple: D:4-7

Altars:
Fedhas
Makhleb
Nemelex Xobeh
Qazlal
Xom

Shops:
D:4 [

Annotations:
D:6 Dowan


Innate Abilities, Weirdness & Mutations

You reflexively headbutt those who attack you in melee.
You have a pair of horns on your head.


Message History

* * * LOW HITPOINT WARNING * * *
Something hits you.
* * * LOW HITPOINT WARNING * * *
Something shocks you.
* * * LOW HITPOINT WARNING * * *
Read which item? (? for menu, Esc to quit)
Blink to where?
Press: ? - help, Dir - move target cursor You are very lightly contaminated with residual magic.
As you read the scroll of blinking, it crumbles to dust.
There is an open door here.
Dowan mumbles some strange words.
Dowan blinks!
A sky beast appears from thin air!
Reactivating autopickup.
There is a stone staircase leading up here.
The sky beast hits you.
* * * LOW HITPOINT WARNING * * *
The sky beast shocks you.
You die...

#.....# +.....#
#.e...# #.....+
#..e..#
##'##'#########
########.#.††........
#......e.#...........
#...@Y...#...........
#........#...§.......
#........#...........
#...######......)....
##### ........######
#........#.....
#........#.....
#........'.....
#........#.....


You could see a sky beast and Dowan.

Vanquished Creatures
  Edmund (D:4)
  Duvessa (D:6)
  7 big kobolds (D:4)
  A scorpion (D:4)
  A crimson imp (D:5)
  A hound (D:5)
  An orc wizard (D:4)
  Crazy Yiuf (D:4)
  A giant frog skeleton (D:5)
  A worker ant zombie (D:5)
  Robin (D:2)
  A gnoll (D:4)
  5 adders
  2 shadow imps (D:5)
  An ooze (D:2)
  4 worms
  4 dart slugs
  5 giant geckos
  15 orcs
  6 bats
  2 giant cockroaches
  12 goblins
  16 hobgoblins
  8 jackals
  3 quokkas
  A ball python (D:3)
  2 giant newts
  62 kobolds
  5 rats
171 creatures vanquished.

Notes
Turn   | Place    | Note
--------------------------------------------------------------
     0 | D:1      | Fraydo the Minotaur Berserker began the quest for the Orb.
     0 | D:1      | Reached XP level 1. HP: 19/19 MP: 0/0
    55 | D:1      | Reached skill level 4 in Axes
    69 | D:1      | Reached XP level 2. HP: 12/26 MP: 1/1
   790 | D:1      | Reached skill level 5 in Axes
   841 | D:1      | Reached XP level 3. HP: 23/31 MP: 2/2
   935 | D:1      | Reached ** piety under Trog
  1561 | D:2      | Reached XP level 4. HP: 25/39 MP: 3/3
  1615 | D:2      | Noticed Robin
  1619 | D:2      | Reached skill level 6 in Axes
  1629 | D:2      | Killed Robin
  1955 | D:2      | Found a sparkling altar of Nemelex Xobeh.
  2211 | D:3      | Reached *** piety under Trog
  2404 | D:3      | Found a blossoming altar of Fedhas.
  2708 | D:4      | Noticed Edmund
  2719 | D:4      | Killed Edmund
  2719 | D:4      | Reached skill level 7 in Axes
  2719 | D:4      | Reached XP level 5. HP: 37/45 MP: 4/4
  2752 | D:4      | Found Luzxuan's Armour Shoppe.
  2786 | D:4      | Found a stormy altar of Qazlal.
  2825 | D:4      | Noticed Crazy Yiuf
  2836 | D:4      | Killed Crazy Yiuf
  2836 | D:4      | Reached skill level 8 in Axes
  2836 | D:4      | Reached XP level 6. HP: 35/51 MP: 1/5
  2849 | D:4      | Got a fine mace
  3498 | D:4      | Reached **** piety under Trog
  3556 | D:4      | Reached skill level 9 in Axes
  3611 | D:4      | Reached XP level 7. HP: 51/57 MP: 6/6
  3688 | D:4      | Reached skill level 10 in Axes
  3700 | D:4      | Reached skill level 11 in Axes
  3801 | D:4      | Reached ***** piety under Trog
  4023 | D:4      | You fall through a shaft!
  4023 | D:5      | Entered Level 5 of the Dungeon
  4122 | D:5      | Reached XP level 8. HP: 60/64 MP: 7/7
  4639 | D:5      | Found a burning altar of Makhleb.
  4640 | D:5      | Found a shimmering altar of Xom.
  4802 | D:6      | Noticed Dowan
  4809 | D:6      | Noticed Duvessa
  4836 | D:6      | Killed Duvessa
  4853 | D:6      | Slain by a sky beast

Skill      XL: |  1  2  3  4  5  6  7 |
---------------+----------------------+-----
Axes           | 4 5 7 8 9 11 | 11.9
Fighting       | |  3.6
Armour         | |  2.4
Dodging        | |  2.1

Action                   |  1- 3 |  4- 6 |  7- 9 || total
-------------------------+-------+-------+-------++-------
Melee: Hand axe          |    79 |   203 |   106 ||   388
       Headbutt          |    15 |    30 |    31 ||    76
       Long sword        |       |       |    60 ||    60
Invok: Berserk           |       |     2 |     2 ||     4
       Burn Spellbooks   |       |       |     1 ||     1
  Use: Scroll            |       |     5 |     4 ||     9
       Potion            |       |     1 |       ||     1
  Eat: Chunk             |     2 |     8 |     4 ||    14
       Pizza             |       |       |     1 ||     1
Armor: Animal skin       |     4 |       |       ||     4
       Leather armour    |    19 |    12 |       ||    31
       Scale mail        |       |    64 |    78 ||   142
Dodge: Dodged            |    55 |   101 |    51 ||   207
Block: Large shield      |       |       |    82 ||    82
